 Dungeon Crawl Stone Soup version 0.29-a0-222-g5b244fca1f (webtiles) character file.

Game seed: 14784752690292812167

28 igorguim the Insei (level 2, 0/21 HPs)
             Began as a Demonspawn Transmuter on Feb 27, 2022.
             Succumbed to a kobold's poison
             ... on level 2 of the Dungeon.
             The game lasted 00:02:15 (1353 turns).

igorguim the Insei (Demonspawn Transmuter)          Turns: 1353, Time: 00:02:15

Health: 0/21       AC:  3    Str: 10    XL:     2   Next: 96%
Magic:  4/5        EV:  9    Int: 14    God:
Gold:   105        SH:  0    Dex: 13    Spells: 4/5 levels left

rFire   . . .      SeeInvis .     - Unarmed
rCold   . . .      Faith    .   (no shield)
rNeg    . . .      Spirit   .   a - +0 robe
rPois   .          Reflect  .   (helmet currently unavailable)
rElec   .          Harm     .   (no cloak)
rCorr   .          Rampage  .   h - +0 pair of gloves
Will    .....                   (boots currently unavailable)
Stlth   +.........              (no amulet)
HPRegen 0.07/turn               (no ring)
MPRegen 0.09/turn               (no ring)

@: lethally poisoned (0 -> -24), appendages (expiring), constricted
A: horns 2, talons 2, powered by pain 1
a: End Transformation


You were on level 2 of the Dungeon.
You had temporarily grown beastly horns and talons.
You visited 1 branch of the dungeon, and saw 2 of its levels.

You collected 105 gold pieces.

Inventory:

Armour
 a - a +0 robe (worn)
 h - a +0 pair of gloves (worn)
Jewellery
 d - a ring of fire
Scrolls
 c - a scroll of blinking
 e - a scroll of identify
Potions
 b - a potion of curing {unknown}
 f - a potion of haste {unknown}
 g - a potion of heal wounds {unknown}


   Skills:
 + Level 1.6 Fighting
 - Level 1.7 Dodging
 + Level 3.0 Unarmed Combat
 - Level 2.0 Spellcasting
 * Level 2.5 Transmutations


You had 4 spell levels left.
You knew the following spells:

 Your Spells              Type           Power      Damage    Failure   Level
a - Beastly Appendage     Tmut           16%        N/A       9%          1

Your spell library contained the following spells:

 Spells                   Type           Power      Damage    Failure   Level
 Wereblood                Tmut           8%         N/A       13%         2
 Spider Form              Tmut/Pois      4%         N/A       38%         3
 Gell's Gravitas          Tloc           1%         N/A       56%         3
 Teleport Other           Tloc           1%         N/A       56%         3
 Ice Form                 Ice/Tmut       4%         N/A       80%         4
 Cause Fear               Hex            0%         N/A       93%         4
 Hailstorm                Conj/Ice       1%         3d3       93%         4
 Dispersal                Tloc           0%         N/A       100%        6
 Simulacrum               Ice/Necr       0%         N/A       100%        6
 Dragon Form              Tmut           4%         N/A       100%        7
 Dragon's Call            Summ           0%         N/A       100%        9


Dungeon Overview and Level Annotations

Branches:
Dungeon (2/15)

Altars:


Innate Abilities, Weirdness & Mutations

You have temporarily grown beastly horns and talons.
You sometimes gain a little power by taking damage.


Message History

You see here a +6 ring of dexterity.
You hit the ball python.
The ball python is severely wounded.
You feel sick.
The ball python bites you but does no damage.
The ball python constricts you.
You barely miss the ball python. Your kick misses the ball python.
The ball python is severely wounded.
You feel sick.
The ball python bites you but does no damage.
The ball python constricts you. The kobold barely misses you.
The ball python bites you but does no damage.
The ball python constricts you.
You hit the kobold.
The kobold is severely wounded.
You feel sick.
The kobold hits you with a +1 dagger of venom.
You are more poisoned.
The ball python barely misses you. The ball python constricts you.
The rat bites you but does no damage.
You barely miss the kobold.
The kobold is severely wounded.
You feel sick. The kobold hits you but does no damage.
You are lethally poisoned!
The ball python closely misses you. The ball python constricts you.
The rat bites you but does no damage.
Unknown command.
You barely miss the kobold. Your kick misses the kobold.
Your headbutt misses the kobold.
The kobold is severely wounded.
Your transformation is almost over.
You feel very sick.
The kobold hits you with a +1 dagger of venom.
You are more poisoned.
The ball python bites you.
* * * LOW HITPOINT WARNING * * *
The ball python constricts you.
You hit the kobold.
You kill the kobold!
You die...

#... . ... ### . ### ...
....#. #... #.. ....#.
###..# ###.. ......#
###...# ##...#
.#.....###...# #..##.
......r.#....######.#...
.?....)@.....†........÷.
......S...............<.
...........#.......#####
........................
..............####..####
............### ##..###
.........#.## ##.##.
##.........# ###.##.
..... #......


You could see a ball python and a rat.

Vanquished Creatures
  4 orcs
  4 bats
  An endoplasm (D:1)
  2 goblins (D:1)
  3 hobgoblins
  A quokka (D:1)
  3 ball pythons (D:1)
  A frilled lizard (D:1)
  4 kobolds
23 creatures vanquished.

Notes
Turn   | Place    | Note
-------+----------+-------------------------------------------
     0 | D:1      | igorguim the Demonspawn Transmuter began the quest for the
                  | Orb.
     0 | D:1      | Reached XP level 1. HP: 15/15 MP: 3/3
   548 | D:1      | Gained mutation: You sometimes gain a little power by
                  | taking damage. [demonic ancestry]
   548 | D:1      | Reached XP level 2. HP: 18/21 MP: 3/5
  1178 | D:2      | Reached skill level 3 in Unarmed Combat
  1353 | D:2      | Succumbed to a kobold's poison

Illustrated notes

Levels and vault maps discovered:
D:1:      minmay_arrival_hallway, layout_rooms
D:2:      layout_rooms

Skill      XL: |  1  2 |
---------------+-------+-----
Transmutations | 2 |  2.5
Unarmed Combat | 3 |  3.0
Fighting       | |  1.6
Dodging        | |  1.7
Spellcasting   | |  2.0

Action                   || total
-------------------------++-------
Melee: Unarmed           ||    70
       Kick              ||    11
       Headbutt          ||     9
 Cast: Beastly Appendage ||    17
  Use: Scroll            ||     3
Armor: Robe              ||    22
Dodge: Dodged            ||    49

Table legend: (Time is in decaauts)
 A = Elapsed time spent in this place.
 B = Non-inter-level travel time spent in this place.
 C = Inter-level travel time spent in this place.
 D = Time resting spent in this place.
 E = Time spent auto-exploring this place.
 F = Levels seen in this place.
 G = Mean time per level.
                   A        B        C        D        E       F      G
               +--------+--------+--------+--------+--------+-----+--------+
         Total |   1351 |   1327 |     24 |      0 |   1125 |   2 |  675.5 |
       Dungeon |   1351 |   1327 |     24 |      0 |   1125 |   2 |  675.5 |
               +--------+--------+--------+--------+--------+-----+--------+

Top non-repeatable levels by time:
     D:1: 1094 daAuts
     D:2: 257 daAuts
